 Dungeon Crawl Stone Soup version 0.18.1-8-gdd0e5ea (webtiles) character file.

95 Liquid the Cudgeler (level 4, -1/50 HPs)
             Began as an Ogre Berserker on June 11, 2016.
             Was a Believer of Trog.
             Slain by Rationalist's ghost (9 damage)
             ... on level 3 of the Dungeon.
             The game lasted 00:03:48 (1648 turns).

Liquid the Cudgeler (Ogre Berserker)                Turns: 1648, Time: 00:03:49

Health: -1/50      AC:  3    Str: 22    XL:     4   Next: 65%
Magic:  4/4        EV: 10    Int:  7    God:    Trog [**....]
Gold:   155        SH:  0    Dex:  9    Spells: 0 memorised, 3 levels left

rFire  . . .     SeeInvis .     l - +0 mace (drain)
rCold  . . .     Gourm    .     b - +0 animal skin
rNeg   . . .     Faith    +     (no shield)
rPois  .         Spirit   .     (helmet restricted)
rElec  .         Dismiss  .     (no cloak)
rCorr  .         Reflect  .     (gloves unavailable)
SustAt +         Harm     .     (boots unavailable)
MR     .....                    q - amulet of faith
Stlth  +.........               (no ring)
                                d - ring of sustain attributes

@: exhausted, slowed, very slow, not resistant to hostile enchantments, very
unstealthy
A: unfitting armour, tough skin 1
a: Berserk, Trog's Hand, Burn Spellbooks, Renounce Religion


You were on level 3 of the Dungeon.
You worshipped Trog.
Trog was pleased with you.
You were near starving.

You visited 1 branch of the dungeon, and saw 3 of its levels.

You collected 155 gold pieces.

Inventory:

Hand Weapons
 a - a +0 mace
 l - a +0 mace of draining (weapon)
Armour
 b - a +0 animal skin (worn)
Jewellery
 d - a ring of sustain attributes (left hand)
 q - an amulet of faith (around neck)
Wands
 t - a wand of confusion (19/48)
Scrolls
 e - a scroll of random uselessness
 i - a scroll of amnesia {unknown}
 j - a scroll of teleportation {unknown}
 m - a scroll of recharging {unknown}
 o - a scroll of remove curse {unknown}
 p - a scroll of enchant weapon {unknown}
 r - a scroll of identify {unknown}
 u - a scroll of fear {unknown}
Potions
 f - a potion of berserk rage {unknown}
 h - 2 potions of curing {unknown}
 k - a potion of haste {unknown}
Comestibles
 c - 2 bread rations
 g - 2 meat rations
 n - 2 slices of pizza
 s - 4 chunks of flesh


   Skills:
 * Level 5.1 Fighting
 * Level 5.5 Maces & Flails
 + Level 1.7 Throwing
 - Level 2.6 Dodging


You had 3 spell levels left.
You didn't know any spells.

Dungeon Overview and Level Annotations

Branches:
Dungeon (3/15)

Altars:
Xom

Annotations:
D:3 Rationalist's ghost, amateur MiBe


Innate Abilities, Weirdness & Mutations

You are too large for most types of armour.
You have tough skin (AC +1).


Message History

You hit Rationalist's ghost but do no damage.
Rationalist's ghost is heavily damaged.
Rationalist's ghost hits you!
You thump Rationalist's ghost!
Rationalist's ghost is almost destroyed.
You barely miss Rationalist's ghost.
Rationalist's ghost is almost destroyed.
Rationalist's ghost barely misses you.
You sock Rationalist's ghost!
Rationalist's ghost is almost destroyed.
You are no longer berserk.
You are exhausted.
You feel yourself slow down.
You are near starving!
You barely miss Rationalist's ghost.
Rationalist's ghost is almost destroyed.
Rationalist's ghost hits you!
* * * LOW HITPOINT WARNING * * *
Rationalist's ghost hits you!
You die...

#.. # #.# ###### #. #.# #....#
... #.# #....# .... #.# #....#
.....##.####....##
.................###########
........####.....##........#
..(..#### #...W@.#.######.##
.... #....#.#.# #..# .#
#########...†#..[#######.#####
............†>......)........#
#########....................#
.........#..............#
..........................
#..........#..)........†.##
#..........#...........).#


You could see Rationalist's ghost.

Vanquished Creatures
  A gnoll (D:1)
  2 adders (D:2)
  2 worms
  A dart slug (D:2)
  2 giant geckos
  6 bats
  3 giant cockroaches (D:2)
  4 goblins
  12 hobgoblins
  7 jackals
  2 ball pythons
  2 giant newts (D:1)
  3 kobolds
  6 rats
53 creatures vanquished.

Notes
Turn   | Place    | Note
--------------------------------------------------------------
     0 | D:1      | Liquid the Ogre Berserker began the quest for the Orb.
     0 | D:1      | Reached XP level 1. HP: 24/24 MP: 1/1
   306 | D:1      | Reached XP level 2. HP: 32/32 MP: 2/2
   442 | D:1      | Reached skill level 1 in Throwing
   442 | D:1      | Reached XP level 3. HP: 40/40 MP: 3/3
   968 | D:2      | Reached skill level 5 in Maces & Flails
   971 | D:2      | Reached ** piety under Trog
  1071 | D:2      | Reached XP level 4. HP: 44/49 MP: 4/4
  1202 | D:2      | Found a shimmering altar of Xom.
  1385 | D:2      | Reached skill level 5 in Fighting
  1618 | D:3      | Noticed Rationalist's ghost (amateur MiBe)
  1648 | D:3      | Slain by Rationalist's ghost

Skill      XL: |  1  2  3  4 |
---------------+-------------+-----
Throwing       | 1 |  1.7
Maces & Flails | 5 |  5.5
Fighting       | 5 |  5.1
Dodging        | |  2.6

Action                   |  1- 3 |  4- 6 || total
-------------------------+-------+-------++-------
Melee: Mace              |    83 |    69 ||   152
Invok: Berserk           |     2 |     1 ||     3
       Trog's Hand       |       |     1 ||     1
  Use: Scroll            |       |     1 ||     1
 Stab: Sleeping          |     1 |     1 ||     2
  Eat: Chunk             |     3 |     1 ||     4
Armor: Animal skin       |    28 |    24 ||    52
Dodge: Dodged            |    62 |    37 ||    99
